 Dungeon Crawl Stone Soup version 0.28-a0-1415-g7c84da036a (webtiles) character file.

Game seed: 10018368553740506046

44 jbasstz the Ruffian (level 3, -1/36 HPs)
             Began as a Troll Berserker on Jan 7, 2022.
             Was a Believer of Trog.
             Slain by Sigmund (13 damage)
             ... on level 2 of the Dungeon.
             The game lasted 00:03:12 (1210 turns).

jbasstz the Ruffian (Troll Berserker)               Turns: 1210, Time: 00:03:13

Health: -1/36      AC:  4    Str: 27    XL:     3   Next: 41%
Magic:  2/2        EV: 10    Int:  3    God:    Trog [**....]
Gold:   43         SH:  0    Dex:  9    Spells: 2/2 levels left

rFire   . . .      SeeInvis .     - Unarmed
rCold   . . .      Faith    .   (no shield)
rNeg    . . .      Spirit   .   a - +0 animal skin
rPois   .          Reflect  .   (helmet restricted)
rElec   .          Harm     .   (no cloak)
rCorr   .          Rampage  .   (gloves unavailable)
Will    .....                   (boots unavailable)
Stlth   +.........              (no amulet)
HPRegen 0.92/turn               (no ring)
MPRegen 0.08/turn               (no ring)

@: no status effects
A: large, unfitting armour, claws 3, regeneration 1, shaggy fur 1, tough skin 1
a: Renounce Religion, Berserk, Trog's Hand


You were on level 2 of the Dungeon.
You worshipped Trog.
Trog was pleased with you.
You visited 1 branch of the dungeon, and saw 2 of its levels.

You collected 43 gold pieces.

Inventory:

Armour
 a - a +0 animal skin (worn)
Jewellery
 c - a ring of see invisible
Scrolls
 b - 3 scrolls of teleportation {unknown}
 d - a scroll of identify {unknown}
 f - a scroll of vulnerability {unknown}
Potions
 e - a potion of cancellation {unknown}
 g - a potion of flight {unknown}


   Skills:
 + Level 2.7 Fighting
 + Level 3.0 Dodging
 + Level 3.6 Unarmed Combat


You had 2 spell levels left.
You didn't know any spells.
Your spell library was empty.

Dungeon Overview and Level Annotations

Branches:
Dungeon (2/15)

Altars:

Annotations:
D:2 Sigmund


Innate Abilities, Weirdness & Mutations

You are too large for most types of armour.
You have claws for hands.
Your natural rate of healing is unusually fast.
You are covered in fur. (AC +1)
You have tough skin. (AC +1)


Message History

The puff of flame hits you! Sigmund gestures at you while chanting.
You are more confused.
Sigmund closely misses you.
You bump into the rock wall.
You bump into the rock wall.
Sigmund casts a spell at you. You resist with significant effort.
You're too confused to move!
Sigmund hits you with a +4 scythe of freezing!
Sigmund freezes you.
Sigmund is nearby!
Sigmund closely misses you.
You feel less confused.
Sigmund hits you with a +4 scythe of freezing.
Sigmund freezes you.
You claw Sigmund!
Sigmund is moderately wounded.
You scratch Sigmund but do no damage.
Sigmund is moderately wounded.
Sigmund hits you with a +4 scythe of freezing.
* * * LOW HITPOINT WARNING * * *
Sigmund freezes you.
* * * LOW HITPOINT WARNING * * *
You closely miss Sigmund.
Sigmund is moderately wounded.
Sigmund barely misses you.
You barely miss Sigmund.
Sigmund is moderately wounded.
You closely miss Sigmund.
Sigmund is moderately wounded.
Sigmund misses you.
You closely miss Sigmund.
Sigmund is moderately wounded.
Sigmund gestures at you while chanting. The magic dart hits you.
You scratch Sigmund but do no damage.
Sigmund is moderately wounded.
Sigmund hits you with a +4 scythe of freezing!
You die...

#.#..#.# #.#..#.# .....#.#
#.##.#.# .....#.#
###########
..####.########.........#.
.>........................
.............†....).......
.......########.@.......##
######## #@........#
#.........# ###
#.........#
.....###.........#
.!...............#
.................#
#................#
#...........######


You could see Sigmund.

Vanquished Creatures
  2 endoplasms (D:1)
  3 giant cockroaches
  9 goblins
  7 hobgoblins
  4 jackals (D:1)
  A quokka (D:1)
  3 ball pythons (D:1)
  3 bats
  2 kobolds (D:2)
  3 rats (D:1)
37 creatures vanquished.

Vanquished Creatures (others)
  A fungus (D:1)
  A plant (D:1)
2 creatures vanquished.

Grand Total: 39 creatures vanquished

Notes
Turn   | Place    | Note
-------+----------+-------------------------------------------
     0 | D:1      | jbasstz the Troll Berserker began the quest for the Orb.
     0 | D:1      | Reached XP level 1. HP: 22/22 MP: 0/0
   187 | D:1      | Reached XP level 2. HP: 29/29 MP: 1/1
   450 | D:1      | Reached ** piety under Trog
   580 | D:1      | Reached XP level 3. HP: 35/36 MP: 2/2
  1179 | D:2      | Noticed Sigmund
  1210 | D:2      | Slain by Sigmund

Illustrated notes

Levels and vault maps discovered:
D:1:      onia_arrival_mini_maze_b, layout_loops_ring
D:2:      cheibrodos_helix_gallery, layout_basic, minmay_tripent, uniq_sigmund

Skill      XL: |  1  2  3 |
---------------+----------+-----
Dodging        | 3 |  3.0
Fighting       | |  2.7
Unarmed Combat | |  3.6

Action                   || total
-------------------------++-------
Melee: Unarmed           ||   101
       Punch             ||     3
Armor: Animal skin       ||    22
Dodge: Dodged            ||    38

Table legend: (Time is in decaauts)
 A = Elapsed time spent in this place.
 B = Non-inter-level travel time spent in this place.
 C = Inter-level travel time spent in this place.
 D = Time resting spent in this place.
 E = Time spent auto-exploring this place.
 F = Levels seen in this place.
 G = Mean time per level.
                   A        B        C        D        E       F      G
               +--------+--------+--------+--------+--------+-----+--------+
         Total |   1204 |   1204 |      0 |      0 |    741 |   2 |  602.0 |
       Dungeon |   1204 |   1204 |      0 |      0 |    741 |   2 |  602.0 |
               +--------+--------+--------+--------+--------+-----+--------+

Top non-repeatable levels by time:
     D:1: 1017 daAuts
     D:2: 186 daAuts
